 Dungeon Sprint DCSS version 0.26-a0-1107-g6118521029 (webtiles) character file.

Game seed: 4469854141597683129

162 mhtbhm the Covert (level 5, -6/42 HPs)
             Began as a Spriggan Brigand on Dec 16, 2020.
             Was an Initiate of Dithmenos.
             Mangled by a spriggan
             ... wielding a +0 short sword
              (13 damage)
             ... in the Dungeon (Sprint IV: "Fedhas' Mad Dash").
             The game lasted 00:01:04 (454 turns).

mhtbhm the Covert (Spriggan Brigand)                 Turns: 454, Time: 00:01:05

Health: -6/42      AC:  3    Str:  7    XL:     5   Next: 19%
Magic:  5/6        EV: 18    Int: 12    God:    Dithmenos [......]
Gold:   47         SH:  0    Dex: 19    Spells: 4/4 levels left

rFire    . . .     SeeInvis +   a - +2 dagger
rCold    . . .     Faith    .   (shield restricted)
rNeg     . . .     Spirit   .   b - +0 robe
rPois    .         Reflect  .   (helmet restricted)
rElec    .         Harm     .   c - +0 cloak
rCorr    .         Rampage  .   (gloves unavailable)
Will     .....     NoTele   +   (boots unavailable)
Stlth    ..........             l - amulet of invisibility {+Inv}
HPRegen  0.14/turn              (no ring)
MPRegen  0.10/turn              (no ring)

@: berserking, very slightly contaminated, invisible, very quick
A: very small, unfitting armour, see invisible, speed 3
a: Renounce Religion, Evoke Invisibility


You were in the Dungeon.
You worshipped Dithmenos.
Dithmenos was noncommittal.
You visited 1 branch You collected 47 gold pieces.

Inventory:

Hand Weapons
 a - a +2 dagger (weapon)
Missiles
 d - 8 poisoned darts (quivered)
 e - 2 curare-tipped darts
 m - 7 boomerangs
Armour
 b - a +0 robe (worn)
 c - a +0 cloak (worn)
Jewellery
 l - the amulet of invisibility (around neck) {+Inv}
   (You found it in the Dungeon)

   [amulet of nothing]

   It lets you turn invisible.
Scrolls
 k - a scroll of blinking
Potions
 g - a potion of heal wounds
 h - a potion of haste
 i - 2 potions of magic


   Skills:
 + Level 2.8 Fighting
 + Level 4.4 Short Blades
 - Level 3.2 Throwing
 + Level 2.8 Dodging
 + Level 14.1 Stealth
 + Level 2.0 Evocations


You had 4 spell levels left.
You didn't know any spells.
Your spell library was empty.

Dungeon Overview and Level Annotations

Branches:
Dungeon (1/1)

Altars:
Cheibriados
Dithmenos
Elyvilon
Gozag
Hepliaklqana
Kikubaaqudgha
Makhleb
Nemelex Xobeh
Okawaru
Qazlal
Ru
Sif Muna
Trog
Uskayaw
Vehumet
Wu Jian
Xom
Yredelemnul
Zin
The Shining One
Beogh
Jiyva
Lugonu


Innate Abilities, Weirdness & Mutations

You are very small and have problems with some larger weapons.
You are too small for most types of armour.
You have supernaturally acute eyesight. (SInv)
You cover ground extremely quickly.


Message History

You are too injured to fight recklessly!
You are too injured to fight recklessly!
You are too injured to fight recklessly!
You are too injured to fight recklessly!
You are too injured to fight recklessly!
You are too injured to fight recklessly!
You are too injured to fight recklessly!
You hit the spriggan.
You kill the spriggan!
Dithmenos accepts your kill.
Your Stealth skill increases to level 14!
Your Evocations skill increases to level 2!
Unknown command.
You barely miss the spriggan.
The spriggan hits you with a +0 short sword!
* * * LOW HITPOINT WARNING * * *
You barely miss the spriggan. You barely miss the spriggan.
The spriggan hits you with a +0 short sword!
You die...

######################
#.⌠._._._._.⌠.#.@is..#
'.._._._._._..'.)#$.$#
#..._._._._...#..###+#
#.._._._._._..#.(#
#._._._._._.⌠.####
###############


You could see a spriggan and a scorpion.

Vanquished Creatures
  3 oklob saplings (D)
  A worker ant (D)
  A spriggan (D)
  A river rat (D)
  A rat (D)
7 creatures vanquished.

Notes
Turn   | Place    | Note
-------+----------+-------------------------------------------
     0 | D        | mhtbhm the Spriggan Brigand began the quest for the Orb.
     0 | D        | Reached XP level 1. HP: 10/10 MP: 2/2
    10 | D        | Reached skill level 8 in Stealth
    10 | D        | Reached XP level 2. HP: 15/15 MP: 3/3
    27 | D        | Noticed an oklob sapling
   132 | D        | Killed an oklob sapling
   133 | D        | Reached skill level 10 in Stealth
   133 | D        | Reached XP level 3. HP: 18/18 MP: 4/4
   136 | D        | Found the amulet of invisibility {+Inv}
   149 | D        | Reached skill level 11 in Stealth
   182 | D        | Found an opulent altar of Gozag.
   182 | D        | Found a hazy altar of Hepliaklqana.
   182 | D        | Found a burning altar of Makhleb.
   182 | D        | Found a roughly hewn altar of Beogh.
   182 | D        | Found a sparkling altar of Nemelex Xobeh.
   182 | D        | Found a snail-covered altar of Cheibriados.
   182 | D        | Found a sacrificial altar of Ru.
   182 | D        | Found a shimmering blue altar of Sif Muna.
   182 | D        | Found a shimmering altar of Xom.
   182 | D        | Found a basalt altar of Yredelemnul.
   183 | D        | Found a viscous altar of Jiyva.
   183 | D        | Found a bloodstained altar of Trog.
   183 | D        | Found an ornate altar of the Wu Jian Council.
   183 | D        | Noticed an oklob sapling priest
   184 | D        | Found an iron altar of Okawaru.
   184 | D        | Found a shadowy altar of Dithmenos.
   184 | D        | Found a glowing silver altar of Zin.
   185 | D        | Found an ancient bone altar of Kikubaaqudgha.
   185 | D        | Found a hide-covered altar of Uskayaw.
   186 | D        | Found a stormy altar of Qazlal.
   186 | D        | Found a white marble altar of Elyvilon.
   186 | D        | Found a glowing golden altar of the Shining One.
   187 | D        | Found a corrupted altar of Lugonu.
   187 | D        | Found a radiant altar of Vehumet.
   190 | D        | Killed an oklob sapling priest
   191 | D        | Reached skill level 12 in Stealth
   191 | D        | Reached skill level 1 in Evocations
   191 | D        | Reached XP level 4. HP: 23/23 MP: 2/5
   193 | D        | Became a worshipper of Dithmenos the Shadowed
   434 | D        | Reached skill level 13 in Stealth
   434 | D        | Reached XP level 5. HP: 27/27 MP: 6/6
   452 | D        | Reached skill level 14 in Stealth
   454 | D        | Mangled by a spriggan

Illustrated notes

Levels and vault maps discovered:
D:        dungeon_sprint_fedhas [sprint_temple]

Skill      XL: |  1  2  3  4  5 |
---------------+----------------+-----
Stealth        | 8 10 12 13 14 | 14.1
Fighting       | 2 |  2.8
Short Blades   | 3 4 |  4.4
Throwing       | 3 |  3.2
Dodging        | 2 |  2.8
Evocations     | 1 2 |  2.0

Action                   |  1- 3 |  4- 6 || total
-------------------------+-------+-------++-------
Melee: Dagger            |     9 |    10 ||    19
Throw: Dart              |     5 |       ||     5
 Abil: Evoke Invisibilit |     1 |     1 ||     2
  Use: Potion            |       |     2 ||     2
 Stab: Distracted        |     1 |       ||     1
       Sleeping          |     1 |     1 ||     2
Armor: Robe              |     1 |       ||     1
Dodge: Dodged            |     6 |     4 ||    10

Table legend: (Time is in decaauts)
 A = Elapsed time spent in this place.
 B = Non-inter-level travel time spent in this place.
 C = Inter-level travel time spent in this place.
 D = Time resting spent in this place.
 E = Time spent auto-exploring this place.
 F = Levels seen in this place.
 G = Mean time per level.
                   A        B        C        D        E       F      G
               +--------+--------+--------+--------+--------+-----+--------+
         Total |    418 |    418 |      0 |    328 |      1 |   1 |  418.0 |
       Dungeon |    418 |    418 |      0 |    328 |      1 |   1 |  418.0 |
               +--------+--------+--------+--------+--------+-----+--------+

Top non-repeatable levels by time:
       D: 418 daAuts
